 Dungeon Crawl Stone Soup version 0.20-a0-513-g02c11fc (webtiles) character file.

126 Kaname the Poker (level 4, -2/33 HPs)
             Began as a Demonspawn Skald on Jan 23, 2017.
             Slain by an orc wizard
             ... wielding a +0 dagger
              (3 damage)
             ... on level 2 of the Dungeon.
             The game lasted 00:06:51 (2444 turns).

Kaname the Poker (Demonspawn Skald)                 Turns: 2444, Time: 00:06:52

Health: -2/33      AC:  5    Str: 11    XL:     4   Next: 83%
Magic:  7/7        EV: 12    Int: 16    God:
Gold:   115        SH:  0    Dex: 15    Spells: 1/7 levels left

rFire    + . .     SeeInvis .   a - +0 spear
rCold    . . .     Gourm    .   k - +0 leather armour
rNeg     . . .     Faith    .   (no shield)
rPois    .         Spirit   .   (helmet restricted)
rElec    .         Reflect  .   (no cloak)
rCorr    .         Harm     .   m - +0 pair of gloves
MR       .....                  h - +0 pair of boots
Stlth    +.........             (no amulet)
Regen    0.1/turn               (no ring)
                                q - +3 ring of dexterity

@: confused, exhausted, very slightly contaminated, slowed, invisible, very slow
A: antennae 1, deterioration 1, fire resistance 1, slow regeneration 1
a: no special abilities


You were on level 2 of the Dungeon.
You were not hungry.

You visited 1 branch of the dungeon, and saw 3 of its levels.

You collected 115 gold pieces.

Inventory:

Hand Weapons
 a - a +0 spear (weapon)
Armour
 h - a +0 pair of boots (worn)
 k - a +0 leather armour (worn)
 m - a +0 pair of gloves (worn)
Jewellery
 q - a +3 ring of dexterity (left hand)
Scrolls
 f - 2 scrolls of identify {unknown}
 g - a scroll of enchant armour {unknown}
 j - a scroll of fear {unknown}
 l - a scroll of magic mapping {unknown}
 o - a scroll of remove curse
 p - a scroll of amnesia {unknown}
Potions
 b - a potion of mutation
 e - a potion of degeneration {unknown}
 n - a potion of heal wounds {unknown}
 r - a potion of cancellation {unknown}
Books
 c - a book of Battle

   Spells                             Type                      Level
   a - Infusion                       Charms                       1
   b - Shroud of Golubria             Charms/Translocation         2
   c - Song of Slaying                Charms                       2
   d - Spectral Weapon                Hexes/Charms                 3
   e - Regeneration                   Charms/Necromancy            3
Comestibles
 d - a bread ration


   Skills:
 - Level 2.0 Fighting
 + Level 4.1 Polearms
 - Level 0.8 Armour
 - Level 1.7 Dodging
 - Level 2.0 Spellcasting
 - Level 2.0 Hexes
 - Level 2.6 Charms


You had one spell level left.
You knew the following spells:

 Your Spells              Type           Power        Failure   Level  Hunger
a - Infusion              Chrm           ##..         12%         1    #......
b - Song of Slaying       Chrm           ##......     14%         2    ###....
c - Spectral Weapon       Hex/Chrm       #.......     34%         3    ###....


Dungeon Overview and Level Annotations

Branches:
Dungeon (3/15)

Altars:


Innate Abilities, Weirdness & Mutations

You have a pair of small antennae on your head.
Your flesh is heat resistant. (rF+)
Your body sometimes deteriorates upon taking damage.
You regenerate slowly when monsters are visible.


Message History

You bump into the rock wall.
The orc closely misses you.
You bump into the rock wall.
You feel a strong urge to attack something.
Your song has ended.
Something hits you but does no damage.
You barely miss the orc. The orc barely misses you.
You hear some strange, mumbled words.
A puff of flame appears from out of thin air!
The puff of flame hits the orc.
The orc dies!
You see here a leather armour.
You bump into the rock wall.
You feel a strong urge to attack something.
You are no longer berserk.
You are exhausted.
You feel yourself slow down. Something completely misses you.
You bump into the rock wall.
Something hits you.
* * * LOW HITPOINT WARNING * * *
Something hits you.
You die...

..# #.##.#)#..#######.### ..#
#..#.##...........#.. ..#
##.#.#..###.#######.# ..#
#.#............†.#.# ### ########
#.#.###.##.#####.#.. # #......#
#.#.###.#....###.... # #......#
#.......####......## # #......#
##..#....###......# #
###......####)@#......#......#
###....†....##.{>#..#<#.#......#
..#.#.......######..#...#......##
....#..<....#### #....#.#.......#
..#####........# ##.#.###.###...#
..# #........# #.....#.# #...#
#.# ##........# ###.#.#.# #....
#.# #.........# #.#...# #.).# #.#
#..########## #.#######.###


There were no monsters in sight!

Vanquished Creatures
  Terence (D:2)
  An orc wizard (D:3)
  An adder (D:3)
  2 worms
  A dart slug (D:2)
  2 leopard geckos
  3 orcs
  3 giant cockroaches
  7 goblins
  4 hobgoblins
  2 jackals (D:2)
  7 kobolds
  A quokka (D:2)
  6 bats
  A frilled lizard (D:1)
  12 rats
54 creatures vanquished.

Vanquished Creatures (others)
  An orc (D:2)
  14 toadstools (D:1)
15 creatures vanquished.

Grand Total: 69 creatures vanquished

Notes
Turn   | Place    | Note
-------+----------+-------------------------------------------
     0 | D:1      | Kaname the Demonspawn Skald began the quest for the Orb.
     0 | D:1      | Reached XP level 1. HP: 16/16 MP: 3/3
    41 | D:1      | Reached skill level 2 in Polearms
   228 | D:1      | Gained mutation: You have a pair of small antennae on your head. [demonic ancestry]
   228 | D:1      | Reached XP level 2. HP: 19/22 MP: 0/5
   279 | D:1      | Learned a level 2 spell: Song of Slaying
   658 | D:1      | Reached skill level 3 in Polearms
   785 | D:2      | Gained mutation: Your flesh is heat resistant. (rF+) [demonic ancestry]
   785 | D:2      | Reached XP level 3. HP: 27/27 MP: 6/6
   967 | D:2      | Learned a level 3 spell: Spectral Weapon
  1683 | D:3      | Noticed Terence
  1705 | D:2      | Killed Terence
  1705 | D:2      | Reached skill level 1 in Hexes
  1705 | D:2      | Reached XP level 4. HP: 19/33 MP: 2/7
  2152 | D:3      | Reached skill level 4 in Polearms
  2431 | D:3      | Gained mutation: You regenerate slowly when monsters are visible. [potion of mutation]
  2431 | D:3      | Gained mutation: Your body sometimes deteriorates upon taking damage. [potion of mutation]
  2437 | D:2      | HP: 2/49 [orc/hand axe (1)]
  2444 | D:2      | HP: 1/33 [something (1)]
  2444 | D:2      | Slain by an orc wizard

Vault maps used:
D:1:      nagdon_arrival_zigzag_paths
D:2:      minmay_stone_trees_small, minmay_tetromino_t2
D:3:      st_stairs_7, kennysheep_decorative_pillar, uniq_terence, uniq_iyjb,
          uniq_jessica

Skill      XL: |  1  2  3  4 |
---------------+-------------+-----
Polearms       | 2 3 4 |  4.1
Hexes          | 1 2 |  2.0
Fighting       | |  2.0
Armour         | |  0.8
Dodging        | |  1.7
Spellcasting   | |  2.0
Charms         | |  2.6

Action                   |  1- 3 |  4- 6 || total
-------------------------+-------+-------++-------
Melee: Spear             |   155 |    88 ||   243
 Cast: Infusion          |     5 |     3 ||     8
       Song of Slaying   |       |     1 ||     1
  Use: Scroll            |     1 |       ||     1
       Potion            |       |     3 ||     3
 Stab: Sleeping          |     2 |       ||     2
       Distracted        |     1 |       ||     1
  Eat: Chunk             |     2 |     3 ||     5
Armor: Leather armour    |    29 |    20 ||    49
Dodge: Dodged            |    69 |    35 ||   104
